 Dungeon Crawl Stone Soup version 0.24.0-123-gd5b16e6ec5 (webtiles) character file.

Game seed: 4444531216477105854, levelgen mode: deterministic

1255 DavidChitty2 the Destroyer (level 8, -6/71 HPs)
             Began as a Black Draconian Conjurer on Jan 16, 2020.
             Was a Priest of Ru.
             Killed from afar by Pikel (18 damage)
             ... with a bolt of acid
             ... on level 7 of the Dungeon.
             The game lasted 00:19:06 (10226 turns).

DavidChitty2 the Destroyer (DrCj)                  Turns: 10226, Time: 00:19:06

Health: -6/71      AC:  1    Str: 11    XL:     8   Next: 26%
Magic:  1/16       EV: 12    Int: 18    God:    Ru [***...]
Gold:   405        SH:  0    Dex: 11    Spells: 11/18 levels left

rFire    . . .     SeeInvis .   a - +0 dagger
rCold    . . .     Gourm    .   (no shield)
rNeg     . . .     Faith    .   (armour unavailable)
rPois    .         Spirit   .   (helmet restricted)
rElec    +         Reflect  .   y - +0 cloak
rCorr    .         Harm     .   (no gloves)
MR       .....                  x - +1 pair of boots
Stlth    ++........             (no amulet)
HPRegen  0.21/turn              l - ring of flight
MPRegen  0.15/turn              (no ring)

@: corroded
A: breathe lightning, unfitting armour, electricity resistance, cold-blooded,
hated by all, inexperienced 1, AC +6
a: Breathe Lightning, Draw Out Power, Renounce Religion, Evoke Flight


You were on level 7 of the Dungeon.
You worshipped Ru.
Ru was most pleased with you.
You were hungry.

You visited 1 branch of the dungeon, and saw 7 of its levels.

You collected 405 gold pieces.

Inventory:

Hand Weapons
 a - a +0 dagger (weapon)
   (You took it off a goblin on level 1 of the Dungeon)
Missiles
 c - 5 javelins
 d - 236 stones
 i - 69 sling bullets
 k - 51 poisoned darts (quivered)
Armour
 x - a +1 pair of boots (worn)
   (You found it on level 4 of the Dungeon)
 y - a +0 cloak (worn)
   (You took it off Crazy Yiuf on level 3 of the Dungeon)
Magical Staves
 v - an uncursed staff of air
   (You found it on level 5 of the Dungeon)
Jewellery
 l - a ring of flight (left hand)
   (You found it on level 3 of the Dungeon)
Wands
 t - a wand of flame (35)
   (You found it on level 3 of the Dungeon)
Scrolls
 f - 3 scrolls of magic mapping
 h - 5 scrolls of remove curse {@r2}
 s - 3 scrolls of teleportation {@r4}
 z - a scroll of identify {@r1}
Potions
 b - 2 potions of mutation {!q}
 g - a potion of haste {@q3}
 j - a potion of magic {unknown}
 m - 3 potions of heal wounds {@q2}
 n - a potion of might {unknown}
 o - a potion of flight
 p - a potion of cancellation
 q - 2 potions of ambrosia
 r - a potion of brilliance {unknown}
 u - 4 potions of curing {@q1}
 w - a potion of lignification {unknown}
 A - a potion of resistance {unknown}
Comestibles
 e - 9 rations {!d}


   Skills:
 + Level 6.5 Fighting
 - Level 1.7 Dodging
 - Level 1.7 Stealth
 + Level 5.9 Spellcasting
 * Level 9.6 Conjurations


You had 11 spell levels left.
You knew the following spells:

 Your Spells              Type           Power        Failure   Level  Hunger
a - Magic Dart            Conj           ####         1%          1    None
s - Searing Ray           Conj           #####.       1%          2    None
x - Iskenderun's Mystic   Conj           #####...     2%          4    ####...

Your spell library contained the following spells:

 Spells                   Type           Power        Failure   Level  Hunger
 Dazzling Spray           Conj/Hex       ###...       4%          3    ##.....
 Apportation              Tloc           #.....       12%         1    None
 Confusing Touch          Hex            #.....       12%         1    None
 Force Lance              Conj/Tloc      ###.....     17%         4    ####...
 Fulminant Prism          Conj/Hex       ###.......   17%         4    ####...
 Animate Skeleton         Necr           Unusable     N/A         1    N/A
 Summon Small Mammal      Summ           Unusable     N/A         1    N/A

Dungeon Overview and Level Annotations

Branches:
Dungeon (7/15)             Temple (0/1) D:5

Altars:
Ashenzari
Cheibriados
Fedhas
Hepliaklqana
Makhleb
Nemelex Xobeh
Okawaru
Ru
Sif Muna
Wu Jian
Zin

Shops:
D:6 }

Annotations:
D:7 Pikel


Innate Abilities, Weirdness & Mutations

You can breathe wild blasts of lightning.
Your glossy black scales are hard. (AC +6)
You cannot fit into any form of body armour.
You are resistant to electric shocks. (rElec)
You are cold-blooded and may be slowed by cold attacks.
You are hated by all.
You are somewhat inexperienced. (-2 XL)


Message History

You see here a robe.
d - 236 stones (gained 22)
Found a scroll of teleportation.
You see here a ring mail.
s - 3 scrolls of teleportation {@r4} (gained 1)
Found a flail and 14 gold pieces.
Found a shortbow.
Found a stone staircase leading up.
Aim: Pikel, wielding a +0 whip of freezing, wearing a +0 robe and carrying a wand of acid (7) (hasn't noticed you)
The orb of energy misses Pikel.
Pikel shouts!
Pikel zaps a wand.
The bolt of acid hits you!! The acid corrodes you!
You are splashed with acid!
You focus your will and illuminate Pikel in retribution!
Throwing (i - inventory. (/) - cycle)
k - 54 poisoned darts (quivered)
Aim: Pikel, wielding a +0 whip of freezing, wearing a +0 robe and carrying a wand of acid (6) (softly glowing)
You throw a poisoned dart. The poisoned dart closely misses Pikel.
Throwing (i - inventory. (/) - cycle)
k - 53 poisoned darts (quivered)
Aim: Pikel, wielding a +0 whip of freezing, wearing a +0 robe and carrying a wand of acid (6) (softly glowing)
You throw a poisoned dart. The poisoned dart hits Pikel.
Pikel is poisoned.
Throwing (i - inventory. (/) - cycle)
k - 52 poisoned darts (quivered)
Aim: Pikel, wielding a +0 whip of freezing, wearing a +0 robe and carrying a wand of acid (6) (poisoned, softly glowing)
You throw a poisoned dart. The poisoned dart hits Pikel.
Pikel looks even sicker.
Pikel zaps a wand.
The bolt of acid hits you!
* * * LOW HITPOINT WARNING * * *
The acid corrodes you!
You are splashed with acid!
* * * LOW HITPOINT WARNING * * *
You focus your will and illuminate Pikel in retribution!
Aim: Pikel, wielding a +0 whip of freezing, wearing a +0 robe and carrying a wand of acid (5) (lightly wounded, poisoned, softly glowing)
The orb of energy hits Pikel!
The orb of energy explodes!
You are feeling hungry.
Pikel hits you with a +0 whip of freezing.
* * * LOW HITPOINT WARNING * * *
Pikel freezes you.
* * * LOW HITPOINT WARNING * * *
Aim: Pikel, wielding a +0 whip of freezing, wearing a +0 robe and carrying a wand of acid (5) (moderately wounded, poisoned, softly glowing)
The orb of energy hits Pikel!
The orb of energy explodes!
Pikel hits you but does no damage.
Aim: Pikel, wielding a +0 whip of freezing, wearing a +0 robe and carrying a wand of acid (5) (severely wounded, poisoned, softly glowing)
The orb of energy hits Pikel!
The orb of energy explodes!
Pikel hits you with a +0 whip of freezing.
* * * LOW HITPOINT WARNING * * *
Pikel freezes you.
* * * LOW HITPOINT WARNING * * *
You focus your will and illuminate Pikel in retribution!
You hit Pikel but do no damage.
Pikel zaps a wand.
The bolt of acid hits you!!
You die...

<.(......)##
....$.....#
......... #########
)...... #.......##
..... #.........
... #.......(. #K#
#...[.....
#@#######.........
#.................
#....###..........
#....# ####.......
#....#### #.###...
#........##.###...
#....###..........
................##
......#####....####


You could see Pikel.

Vanquished Creatures
  A hornet (D:4)
  Grinder (D:6)
  Eustachio (D:4)
  Sigmund (D:6)
  4 slaves (D:6)
  An orc warrior (D:6)
  3 sky beasts
  A phantom (D:7)
  2 ogres
  A centaur (D:6)
  A big kobold (D:4)
  A scorpion (D:4)
  2 crimson imps
  A centaur zombie (D:7)
  A bullfrog zombie (D:3)
  Crazy Yiuf (D:3)
  A bullfrog skeleton (D:7)
  2 hounds (D:4)
  A jelly (D:7)
  3 orc priests
  A centaur skeleton (D:6)
  An orc wizard (D:4)
  2 worker ants
  2 hound skeletons
  A worker ant zombie (D:5)
  5 adders
  2 shadow imps (D:6)
  An ooze (D:3)
  An adder skeleton (D:6)
  A worm (D:4)
  3 dart slugs (D:3)
  4 leopard geckos
  15 orcs
  2 ball pythons
  6 giant cockroaches
  11 goblins
  4 hobgoblins
  20 jackals
  6 quokkas
  4 bats (D:1)
  3 frilled lizards
  A jackal skeleton (D:5)
  24 kobolds
  A quokka skeleton (D:4)
  9 rats
  A plant (D:4)
161 creatures vanquished.

Vanquished Creatures (others)
  A water moccasin (D:5)
  A kobold (D:4)
2 creatures vanquished.

Grand Total: 163 creatures vanquished

Notes
Turn   | Place    | Note
-------+----------+-------------------------------------------
     0 | D:1      | DavidChitty2 the Draconian Conjurer began the quest for the
                  | Orb.
     0 | D:1      | Reached XP level 1. HP: 14/14 MP: 3/3
   351 | D:1      | Reached XP level 2. HP: 22/22 MP: 3/5
   359 | D:1      | Learned a level 2 spell: Searing Ray
   444 | D:1      | You fall into a shaft and drop 1 floor!
   603 | D:1      | Reached skill level 1 in Fighting
  1260 | D:2      | Reached XP level 3. HP: 28/28 MP: 3/6
  1896 | D:2      | Reached XP level 4. HP: 36/36 MP: 2/7
  1978 | D:2      | Learned a level 4 spell: Iskenderun's Mystic Blast
  2237 | D:2      | Found a sacrificial altar of Ru.
  2248 | D:2      | Reached skill level 5 in Conjurations
  2337 | D:2      | Became a worshipper of Ru the Awakened
  2575 | D:3      | Found a blossoming altar of Fedhas.
  2586 | D:3      | Found a snail-covered altar of Cheibriados.
  2671 | D:3      | Found a runed translucent door.
  2672 | D:3      | Noticed Crazy Yiuf
  3103 | D:3      | Reached XP level 5. HP: 37/42 MP: 0/9
  3447 | D:3      | Found a faded altar of an unknown god.
  3447 | D:3      | Found a shattered altar of Ashenzari.
  3452 | D:3      | Found a hazy altar of Hepliaklqana.
  3454 | D:3      | Found an ornate altar of the Wu Jian Council.
  3455 | D:3      | Found a faded altar of an unknown god.
  4159 | D:4      | Noticed Eustachio
  4316 | D:4      | Killed Eustachio
  4316 | D:4      | Reached skill level 6 in Conjurations
  4316 | D:4      | Reached XP level 6. HP: 35/51 MP: 4/11
  4859 | D:4      | Gained mutation: You are hated by all. [Ru sacrifice]
  4859 | D:4      | Reached * piety under Ru
  5054 | D:4      | Your scales start taking on a glossy black colour.
  5054 | D:4      | Reached XP level 7. HP: 58/58 MP: 4/12
  5054 | D:4      | Gained mutation: You are resistant to electric shocks.
                  | (rElec) [Black Draconian growth]
  5440 | D:4      | Reached skill level 7 in Conjurations
  5647 | D:4      | Noticed a hornet
  5655 | D:4      | Killed a hornet
  6061 | D:5      | Entered Level 5 of the Dungeon
  6143 | D:5      | Found a staircase to the Ecumenical Temple.
  6339 | D:5      | Found a burning altar of Makhleb.
  6385 | D:5      | Reached XP level 8. HP: 61/67 MP: 7/14
  6674 | D:5      | Found a shimmering blue altar of Sif Muna.
  6674 | D:5      | Found a sparkling altar of Nemelex Xobeh.
  6682 | D:5      | Found a glowing silver altar of Zin.
  6741 | D:6      | Reached skill level 5 in Fighting
  6895 | D:6      | Found Suycar's Gadget Shop.
  6927 | D:6      | Noticed Sigmund
  6932 | D:6      | Killed Sigmund
  6932 | D:6      | Reached skill level 8 in Conjurations
  7319 | D:6      | Reached skill level 5 in Spellcasting
  7789 | D:6      | Gained mutation: You are somewhat inexperienced. (-2 XL)
                  | [Ru sacrifice]
  7789 | D:6      | Reached XP level 7. HP: 61/61 MP: 10/14
  7789 | D:6      | Reached XP level 6. HP: 56/56 MP: 10/13
  7789 | D:6      | Reached ** piety under Ru
  7789 | D:6      | Reached *** piety under Ru
  7817 | D:6      | Noticed a sky beast
  7826 | D:6      | Killed a sky beast
  7891 | D:6      | Killed an orc warrior
  7891 | D:6      | Reached XP level 7. HP: 62/62 MP: 7/14
  8127 | D:6      | Found an iron altar of Okawaru.
  8284 | D:6      | Noticed Grinder
  8285 | D:6      | Paralysed by Grinder for 4 turns
  8295 | D:6      | Killed Grinder
  8295 | D:6      | Reached skill level 9 in Conjurations
  8734 | D:3      | Killed Crazy Yiuf
  9220 | D:7      | Reached XP level 8. HP: 60/70 MP: 6/16
  9362 | D:7      | Noticed Pikel
 10226 | D:7      | Killed from afar by Pikel

Levels and vault maps discovered:
D:1:      sevenhm_arrival_forest_fort_small_5, layout_basic
D:2:      layout_loops_cross, nicolae_ru_sacrificial_ziggurat
D:3:      layout_loops_ring, kennysheep_slug_shrine,
          chequers_temple_overflow_minitemple, fedhas_altar_3,
          uniq_crazy_yiuf_cottage
D:4:      kennysheep_kobold_camp, layout_rooms, first_ration, nrook_campfire,
          uniq_eustachio
D:5:      layout_loops_ring, lightli_temple_of_fire,
          gammafunk_temple_overflow_forgotten,
          minmay_temple_entry_statues_pillars
D:6:      layout_loops_cross, kennysheep_mini, serial_shops, shop,
          solitary_fountain, minmay_holes, uniq_sigmund, uniq_grinder
D:7:      layout_rooms, uniq_pikel

Skill      XL: |  1  2  3  4  5  6  7  8 |
---------------+-------------------------+-----
Fighting       | 1 2 3 6 5 |  6.5
Conjurations   | 5 6 9 8 |  9.6
Spellcasting   | 3 4 5 |  5.9
Dodging        | |  1.7
Stealth        | |  1.7

Action                   |  1- 3 |  4- 6 |  7- 9 || total
-------------------------+-------+-------+-------++-------
Melee: Unarmed           |    19 |       |       ||    19
       Tailslap          |     1 |       |     1 ||     2
       Dagger            |     3 |    29 |    24 ||    56
Throw: Javelin           |     2 |       |       ||     2
       Dart              |       |     3 |     6 ||     9
 Cast: Magic Dart        |    74 |   160 |   225 ||   459
       Searing Ray       |     1 |     3 |     9 ||    13
       Iskenderun's Myst |       |     2 |     9 ||    11
Invok: Sacrifice Love    |       |     1 |       ||     1
       Sacrifice Experie |       |     1 |       ||     1
 Abil: Breathe Lightning |       |       |     2 ||     2
  Use: Scroll            |       |     7 |     7 ||    14
  Eat: Chunk             |     4 |     7 |     3 ||    14
       Ration            |       |     1 |     4 ||     5
Armor: Skin              |    13 |    40 |    36 ||    89
Dodge: Dodged            |    24 |    63 |    76 ||   163
